[ AOE2 MATCH · #504976396 ]
UnrankedMongols vs Shu
Player's team · WIN
Rival team · LOSS
[ REPLAY ANALYSIS · EXTRACTED FROM THE RECORDED GAME ]
Feudal
8:00
Castle
21:07
Imperial
47:03
| APM avg | 76.6 |
| APM peak | 109 |
| eAPM avg | 41.4 |
| Villagers / military | 205 / 341 |
Focus
⚔️ 53.7% · 🌾 46.3%
Scout Cavalry ×156 · Mangudai ×84 · Archer ×52 · Cavalry Archer ×20 · Mangonel ×9 · Knight ×6
Feudal
8:50
Castle
23:23
Imperial
53:37
| APM avg | 64.3 |
| APM peak | 114 |
| eAPM avg | 38.8 |
| Villagers / military | 223 / 262 |
Focus
⚔️ 45.4% · 🌾 54.6%
Skirmisher ×204 · Unknown (1959) ×92 · Archer ×18 · Unknown (1944) ×18 · Battering Ram ×12 · Mangonel ×8
Match map
Initial resources + every placement click. Lines = walls · curves = elevation contours. ◆ gold · ⬟ stone · ● berries · ✦ relic · ◌ wall gap
Your base· ✓ Closed at 21:07 · 36t walls · no gate
TAG_MbL_'s base· Open — opponent sealed themselves in
Smoothed initial terrain · ◌ = detected wall gap · hover for details
Inputs per minute
— TAG_Sitaux - - TAG_MbL_
Build order — TAG_Sitaux
First 150 of 869 actions detected
| 0:00 | Create | Villager (Male) |
| 0:00 | Create | Villager (Male) |
| 0:01 | Build | House |
| 0:02 | Build | House |
| 0:05 | Create | Villager (Male) |
| 0:05 | Create | Villager (Male) |
| 1:23 | Create | Villager (Male) |
| 1:24 | Create | Villager (Male) |
| 1:58 | Create | Villager (Male) |
| 2:21 | Create | Villager (Male) |
| 2:21 | Create | Villager (Male) |
| 2:24 | Build | Mill |
| 2:34 | Create | Villager (Male) |
| 2:48 | Create | Villager (Male) |
| 3:10 | Create | Villager (Male) |
| 3:34 | Create | Villager (Male) |
| 3:45 | Build | House |
| 4:01 | Create | Villager (Male) |
| 4:12 | Build | Lumber Camp |
| 4:20 | Create | Villager (Male) |
| 5:22 | Create | Villager (Male) |
| 5:48 | Research | Feudal Age |
| 6:30 | Build | Barracks |
| 7:24 | Build | House |
| 7:52 | Create | Villager (Male) |
| 8:00 | Age | Feudal Age |
| 8:03 | Build | Stable |
| 8:12 | Research | Double-Bit Axe |
| 8:22 | Create | Villager (Male) |
| 8:29 | Build | Mill |
| 8:44 | Create | Scout Cavalry |
| 8:49 | Create | Villager (Male) |
| 9:03 | Build | Mining Camp |
| 9:06 | Create | Scout Cavalry |
| 9:10 | Create | Villager (Male) |
| 9:20 | Build | House |
| 9:22 | Build | House |
| 9:27 | Build | House |
| 9:31 | Create | Scout Cavalry |
| 9:41 | Create | Villager (Male) |
| 10:03 | Create | Villager (Male) |
| 10:14 | Build | Archery Range |
| 10:30 | Research | Loom |
| 10:32 | Create | Scout Cavalry |
| 10:50 | Create | Villager (Male) |
| 10:57 | Build | Mill |
| 11:09 | Create | Skirmisher |
| 11:13 | Build | Palisade Wall |
| 11:20 | Create | Villager (Male) |
| 11:21 | Build | Farm |
| 11:36 | Create | Skirmisher |
| 11:40 | Build | Farm |
| 11:43 | Create | Villager (Male) |
| 12:01 | Create | Villager (Male) |
| 12:05 | Build | Palisade Wall |
| 12:09 | Create | Archer |
| 12:17 | Build | Blacksmith |
| 12:20 | Create | Villager (Male) |
| 12:25 | Create | Skirmisher |
| 12:38 | Create | Skirmisher |
| 12:39 | Create | Villager (Male) |
| 13:03 | Build | Farm |
| 13:06 | Build | Farm |
| 13:10 | Build | Farm |
| 13:17 | Research | Fletching |
| 13:24 | Create | Archer |
| 13:25 | Create | Villager (Male) |
| 13:28 | Build | Palisade Wall |
| 13:31 | Build | House |
| 13:49 | Create | Villager (Male) |
| 13:53 | Create | Archer |
| 14:13 | Build | Farm |
| 14:13 | Create | Villager (Male) |
| 14:14 | Build | Farm |
| 14:32 | Build | Archery Range |
| 14:37 | Create | Archer |
| 14:42 | Research | Padded Archer Armor |
| 14:43 | Research | Padded Archer Armor |
| 14:46 | Build | House |
| 14:50 | Create | Villager (Male) |
| 14:50 | Build | House |
| 15:04 | Create | Archer |
| 15:08 | Create | Spearman |
| 15:14 | Build | Farm |
| 15:14 | Create | Villager (Male) |
| 15:26 | Create | Archer |
| 15:36 | Create | Spearman |
| 15:40 | Create | Villager (Male) |
| 15:44 | Build | Palisade Gate |
| 15:45 | Build | Palisade Wall |
| 15:45 | Build | Palisade Wall |
| 15:51 | Build | House |
| 15:52 | Build | House |
| 15:55 | Create | Archer |
| 16:04 | Create | Villager (Male) |
| 16:11 | Build | Farm |
| 16:17 | Create | Villager (Male) |
| 16:19 | Create | Archer |
| 16:28 | Create | Archer |
| 16:41 | Build | Palisade Wall |
| 16:44 | Create | Villager (Male) |
| 17:09 | Create | Villager (Male) |
| 17:10 | Build | Market |
| 17:24 | Build | Farm |
| 17:42 | Create | Archer |
| 17:45 | Create | Villager (Male) |
| 17:50 | Build | Palisade Wall |
| 18:27 | Research | Castle Age |
| 18:44 | Create | Archer |
| 18:49 | Create | Archer |
| 18:51 | Research | Horse Collar |
| 18:52 | Research | Horse Collar |
| 18:57 | Build | Farm |
| 18:58 | Build | Farm |
| 18:59 | Build | Farm |
| 19:00 | Create | Archer |
| 19:12 | Build | House |
| 19:14 | Build | House |
| 19:27 | Create | Archer |
| 19:31 | Research | Gold Mining |
| 19:31 | Research | Gold Mining |
| 19:38 | Create | Archer |
| 19:51 | Build | Farm |
| 20:04 | Build | Farm |
| 20:06 | Create | Archer |
| 20:31 | Build | House |
| 21:07 | Age | Castle Age |
| 21:09 | Research | Crossbowman (upgrade) |
| 21:10 | Research | Bodkin Arrow |
| 21:10 | Research | Bodkin Arrow |
| 21:12 | Build | House |
| 21:14 | Build | House |
| 21:15 | Build | House |
| 21:28 | Create | Villager (Male) |
| 21:34 | Create | Archer |
| 21:34 | Create | Archer |
| 21:38 | Create | Archer |
| 21:40 | Create | Archer |
| 21:49 | Create | Archer |
| 21:56 | Create | Archer |
| 21:57 | Create | Villager (Male) |
| 22:14 | Research | Bow Saw |
| 22:14 | Research | Bow Saw |
| 22:15 | Create | Villager (Male) |
| 22:30 | Create | Villager (Male) |
| 22:37 | Build | Siege Workshop |
| 22:38 | Create | Archer |
| 22:41 | Create | Archer |
| 22:45 | Create | Villager (Male) |
| 22:46 | Build | Palisade Wall |
Build order — TAG_MbL_
First 150 of 853 actions detected
| 0:00 | Create | Villager (Male) ×4 |
| 0:01 | Build | House |
| 0:02 | Build | House |
| 1:18 | Create | Villager (Male) |
| 1:40 | Create | Villager (Male) |
| 1:59 | Build | Lumber Camp |
| 2:14 | Create | Villager (Male) |
| 2:33 | Create | Villager (Male) |
| 2:57 | Create | Villager (Male) |
| 3:18 | Create | Villager (Male) |
| 3:36 | Build | Mill |
| 3:47 | Create | Villager (Male) |
| 4:02 | Build | House |
| 4:19 | Create | Villager (Male) |
| 4:27 | Create | Villager (Male) |
| 4:50 | Create | Villager (Male) |
| 5:09 | Create | Villager (Male) |
| 5:10 | Create | Villager (Male) |
| 5:41 | Research | Loom |
| 6:04 | Create | Villager (Male) |
| 6:38 | Research | Feudal Age |
| 6:57 | Build | House |
| 7:09 | Create | Villager (Male) |
| 7:13 | Build | Lumber Camp |
| 7:57 | Build | Barracks |
| 8:18 | Create | Villager (Male) |
| 8:50 | Age | Feudal Age |
| 8:58 | Build | Archery Range |
| 8:59 | Create | Villager (Male) |
| 9:12 | Research | Double-Bit Axe |
| 9:24 | Create | Villager (Male) |
| 9:40 | Build | Mining Camp |
| 9:45 | Create | Spearman |
| 9:53 | Create | Archer |
| 9:59 | Build | Palisade Wall |
| 10:00 | Build | Palisade Wall |
| 10:01 | Build | Palisade Wall |
| 10:02 | Build | Palisade Wall |
| 10:06 | Build | Palisade Wall |
| 10:07 | Build | Palisade Wall |
| 10:08 | Build | Palisade Wall |
| 10:08 | Build | Palisade Wall |
| 10:10 | Create | Villager (Male) |
| 10:13 | Build | Palisade Wall |
| 10:15 | Build | Palisade Wall |
| 10:17 | Build | Palisade Wall |
| 10:23 | Build | Mill |
| 10:25 | Create | Spearman |
| 10:28 | Build | House |
| 10:32 | Create | Villager (Male) |
| 10:39 | Build | House |
| 10:50 | Build | Palisade Wall |
| 10:52 | Create | Villager (Male) |
| 11:09 | Create | Villager (Male) |
| 11:12 | Create | Spearman |
| 11:13 | Create | Archer |
| 11:14 | Create | Villager (Male) |
| 11:20 | Build | Palisade Wall |
| 11:21 | Build | Palisade Wall |
| 11:25 | Build | Palisade Wall |
| 11:29 | Create | Villager (Male) |
| 11:37 | Create | Archer |
| 11:48 | Build | Farm |
| 11:49 | Build | Farm |
| 11:50 | Build | Farm |
| 11:52 | Build | Farm |
| 11:54 | Build | Farm |
| 11:56 | Build | Farm |
| 11:57 | Build | Farm |
| 12:00 | Build | Palisade Wall |
| 12:02 | Build | Palisade Wall |
| 12:03 | Build | Palisade Wall |
| 12:14 | Build | Farm |
| 12:19 | Create | Archer |
| 12:26 | Build | House |
| 12:35 | Create | Villager (Male) |
| 12:51 | Create | Villager (Male) |
| 12:59 | Build | Stable |
| 13:15 | Build | Palisade Wall |
| 13:18 | Build | House |
| 13:22 | Create | Archer |
| 13:25 | Create | Archer |
| 13:35 | Build | Blacksmith |
| 13:37 | Create | Villager (Male) |
| 13:40 | Create | Scout Cavalry |
| 13:40 | Create | Scout Cavalry |
| 13:43 | Create | Archer |
| 13:43 | Create | Archer |
| 14:01 | Create | Villager (Male) |
| 14:02 | Build | Farm |
| 14:11 | Build | Farm |
| 14:13 | Create | Villager (Male) |
| 14:19 | Build | Farm |
| 14:29 | Create | Archer |
| 14:34 | Create | Villager (Male) |
| 14:38 | Research | Fletching |
| 14:48 | Create | Villager (Male) |
| 14:51 | Build | Farm |
| 14:53 | Build | Farm |
| 15:01 | Create | Archer |
| 15:04 | Create | Villager (Male) |
| 15:06 | Build | Farm |
| 15:17 | Create | Scout Cavalry |
| 15:23 | Build | House |
| 15:27 | Build | Farm |
| 15:29 | Create | Villager (Male) |
| 15:43 | Create | Archer |
| 15:45 | Build | House |
| 15:47 | Create | Scout Cavalry |
| 15:56 | Create | Villager (Male) |
| 16:03 | Build | House |
| 16:12 | Create | Archer |
| 16:16 | Create | Scout Cavalry |
| 16:26 | Build | House |
| 16:30 | Research | Forging |
| 16:40 | Create | Archer |
| 16:46 | Create | Scout Cavalry |
| 16:53 | Create | Villager (Male) |
| 16:54 | Create | Villager (Male) |
| 17:01 | Create | Villager (Male) |
| 17:03 | Build | Archery Range |
| 17:16 | Research | Padded Archer Armor |
| 17:21 | Create | Archer |
| 17:34 | Create | Archer |
| 17:37 | Research | Scale Barding Armor |
| 17:38 | Research | Scale Barding Armor |
| 17:43 | Create | Scout Cavalry |
| 17:43 | Create | Scout Cavalry |
| 17:48 | Create | Villager (Male) |
| 17:50 | Build | Farm |
| 17:51 | Build | Farm |
| 17:55 | Create | Villager (Male) |
| 17:57 | Build | Farm |
| 18:04 | Create | Archer |
| 18:39 | Create | Villager (Male) |
| 18:40 | Create | Archer |
| 18:52 | Create | Archer |
| 19:07 | Create | Villager (Male) |
| 19:26 | Create | Skirmisher |
| 19:27 | Create | Skirmisher |
| 19:27 | Create | Skirmisher |
| 19:29 | Build | House |
| 19:38 | Create | Villager (Male) |
| 19:39 | Create | Villager (Male) |
| 19:58 | Create | Skirmisher |
| 19:58 | Create | Skirmisher |
| 20:01 | Build | House |
| 20:04 | Build | Palisade Wall |
| 20:31 | Build | Farm |
| 20:32 | Build | Farm |
Match timeline
| 6:30 | TAG_Sitaux · first_building Barracks |
| 7:57 | TAG_MbL_ · first_building Barracks |
| 8:00 | TAG_Sitaux · age_up feudal |
| 8:03 | TAG_Sitaux · first_building Stable |
| 8:50 | TAG_MbL_ · age_up feudal |
| 8:58 | TAG_MbL_ · first_building Archery Range |
| 9:59 | TAG_MbL_ · wall_segment Palisade Wall x1 |
| 10:00 | TAG_MbL_ · wall_segment Palisade Wall x1 |
| 10:01 | TAG_MbL_ · wall_segment Palisade Wall x1 |
| 10:02 | TAG_MbL_ · wall_segment Palisade Wall x1 |
| 10:06 | TAG_MbL_ · wall_segment Palisade Wall x1 |
| 10:07 | TAG_MbL_ · wall_segment Palisade Wall x1 |
| 10:08 | TAG_MbL_ · wall_segment Palisade Wall x1 |
| 10:08 | TAG_MbL_ · wall_segment Palisade Wall x1 |
| 10:13 | TAG_MbL_ · wall_segment Palisade Wall x1 |
| 10:14 | TAG_Sitaux · first_building Archery Range |
| 10:15 | TAG_MbL_ · wall_segment Palisade Wall x1 |
| 10:17 | TAG_MbL_ · wall_segment Palisade Wall x1 |
| 10:50 | TAG_MbL_ · wall_segment Palisade Wall x1 |
| 11:13 | TAG_Sitaux · wall_segment Palisade Wall x7 |
| 11:20 | TAG_MbL_ · wall_segment Palisade Wall x1 |
| 11:21 | TAG_MbL_ · wall_segment Palisade Wall x1 |
| 11:25 | TAG_MbL_ · wall_segment Palisade Wall x1 |
| 12:00 | TAG_MbL_ · wall_segment Palisade Wall x1 |
| 12:02 | TAG_MbL_ · wall_segment Palisade Wall x1 |
| 12:03 | TAG_MbL_ · wall_segment Palisade Wall x1 |
| 12:05 | TAG_Sitaux · wall_segment Palisade Wall x1 |
| 12:59 | TAG_MbL_ · first_building Stable |
| 13:15 | TAG_MbL_ · wall_segment Palisade Wall x1 |
| 13:28 | TAG_Sitaux · wall_segment Palisade Wall x10 |
| 15:45 | TAG_Sitaux · wall_segment Palisade Wall x5 |
| 15:45 | TAG_Sitaux · wall_segment Palisade Wall x9 |
| 16:41 | TAG_Sitaux · wall_segment Palisade Wall x1 |
| 17:50 | TAG_Sitaux · wall_segment Palisade Wall x5 |
| 18:00 | TAG_Sitaux · first_market_sell 500 stone |
| 18:03 | TAG_Sitaux · first_market_buy 100 food |
| 20:04 | TAG_MbL_ · wall_segment Palisade Wall x1 |
| 21:07 | TAG_Sitaux · age_up castle |
| 22:37 | TAG_Sitaux · first_building Siege Workshop |
| 22:46 | TAG_Sitaux · wall_segment Palisade Wall x1 |
| 23:23 | TAG_MbL_ · age_up castle |
| 25:37 | TAG_MbL_ · first_building Monastery |
| 29:50 | TAG_MbL_ · first_building Siege Workshop |
| 32:52 | TAG_MbL_ · first_market_buy 100 wood |
| 34:43 | TAG_Sitaux · first_building Castle |
| 35:42 | TAG_MbL_ · first_building Castle |
| 37:13 | TAG_Sitaux · wall_segment Palisade Wall x1 |
| 37:18 | TAG_Sitaux · wall_segment Palisade Wall x1 |
| 37:19 | TAG_Sitaux · wall_segment Palisade Wall x1 |
| 38:01 | TAG_Sitaux · wall_segment Stone Wall x18 |
| 47:03 | TAG_Sitaux · age_up imperial |
| 49:02 | TAG_Sitaux · wall_segment Stone Wall x1 |
| 49:02 | TAG_Sitaux · wall_segment Stone Wall x1 |
| 49:04 | TAG_Sitaux · wall_segment Stone Wall x1 |
| 50:20 | TAG_MbL_ · first_market_sell 500 wood |
| 52:11 | TAG_MbL_ · wall_segment Palisade Wall x1 |
| 52:12 | TAG_MbL_ · wall_segment Palisade Wall x1 |
| 53:37 | TAG_MbL_ · age_up imperial |
| 53:45 | TAG_Sitaux · first_building Monastery |
| 61:05 | TAG_MbL_ · resign |
[ AI ANALYSIS · 1 CREDIT ]
What really happened in this match?
Wolo.gg analyzes every decision: build order, eco, micro, common mistakes by bracket. Personalized analysis on WhatsApp or Discord in 30 seconds.
Civ guide
Mongols
Perfil
Jugador #212721